[Event "*** Titled Tuesday Blitz"]
[Site "Chess.com"]
[Date "2020.11.24"]
[Round "6"]
[White "Chamal_Gedgafov"]
[Black "MF1966Idrisov"]
[Result "0-1"]
[WhiteElo "2167"]
[BlackElo "2389"]
[TimeControl "180+1"]
[EndTime "11:18:44 PST"]
[Termination "MF1966Idrisov won by resignation"]

1. d4 d6 2. c4 f5 3. Nc3 Nf6 4. Nf3 e6 5. g3 Be7 6. Bg2 O-O 7. O-O Ne4 8. Qc2 Nxc3 9. Qxc3 Bf6 10. Qc2 Qe7 11.
b3 e5 12. dxe5 dxe5 13. e4 f4 14. Bb2 fxg3 15. hxg3 Nc6 16. Rad1 Bg4 17. Rd2 Bxf3 18. Bxf3 Bg5 19. Rd3 Nb4 20. Qc3 Nxd3 21. Qxd3 Rad8 22.
Qc3 Bd2 0-1

[Event "*** Titled Tuesday Blitz"]
[Site "Chess.com"]
[Date "2020.11.24"]
[Round "6"]
[White "keepitcoming"]
[Black "Nachsueb"]
[Result "0-1"]
[WhiteElo "2363"]
[BlackElo "2189"]
[TimeControl "180+1"]
[EndTime "11:18:51 PST"]
[Termination "Nachsueb won by resignation"]

1. d4 Nf6 2. c4 c5 3. d5 e6 4. Nc3 exd5 5. cxd5 d6 6. e4 g6 7. f3 Bg7 8. Kf2 O-O 9. Bd3 a6 10. a4 Nbd7 11. Nge2 Ne5 12. Rf1 c4 13. Bc2 Qb6+ 14.
Be3 Neg4+ 15. fxg4 Nxg4+ 16. Kg1 Nxe3 17. a5 Qa7 0-1

[Event "*** Titled Tuesday Blitz"]
[Site "Chess.com"]
[Date "2020.11.24"]
[Round "6"]
[White "vova-79"]
[Black "Soltan49"]
[Result "1-0"]
[WhiteElo "2482"]
[BlackElo "2232"]
[TimeControl "180+1"]
[EndTime "11:19:01 PST"]
[Termination "vova-79 won by resignation"]

1. d4 Nf6 2. c4 e6 3. Nc3 Bb4 4. e3 c5 5. Ne2 d6 6. a3 Bxc3+ 7. Nxc3 Qe7 8. b4 cxb4 9. axb4 O-O 10. Be2 Nbd7 11.
O-O d5 12. c5 e5 13. dxe5 Nxe5 14. Nxd5 Nxd5 15. Qxd5 Rd8 16. Qe4 Nc6 17. Qxe7 Nxe7 18. Bb2 Be6 19. Rfd1 Nd5 20. b5 Nb4 21. Rxd8+ Rxd8 22. Rxa7 f6 23. Bd4 Nc2 24. Rxb7 Nxd4 25. exd4 Rxd4 26. h3 Rb4 1-0

[Event "*** Titled Tuesday Blitz"]
[Site "Chess.com"]
[Date "2020.11.24"]
[Round "6"]
[White "Triumphmate"]
[Black "Mambastik-Fantastic"]
[Result "1-0"]
[WhiteElo "2433"]
[BlackElo "2293"]
[TimeControl "180+1"]
[EndTime "11:19:14 PST"]
[Termination "Triumphmate won by resignation"]

1. e4 c5 2. Nf3 d6 3. d4 cxd4 4.
Nxd4 Nf6 5. Nc3 a6 6. f4 Nbd7 7. Nf3 g6 8. Bd3 Bg7 9. O-O O-O 10. Kh1 b5 11. a3 Bb7 12. Qe1 Rc8 13. Bd2 e5 14. fxe5 dxe5 15. Qh4 Qb6 16. Rae1 Nh5 17.
Be3 Qa5 18. Bd2 Qb6 19. Be3 Qd6 20. Rd1 Qc7 21. Ng5 Nc5 22. g4 Nxd3 23. cxd3 Nf6 24. Rxf6 h6 25. Nf3 g5 26. Bxg5 hxg5 27. Nxg5 Rfd8 28.
Qh7+ Kf8 29. Ne6+ 1-0

[Event "*** Titled Tuesday Blitz"]
[Site "Chess.com"]
[Date "2020.11.24"]
[Round "6"]
[White "sasko1234"]
[Black "SpasKozhuharov"]
[Result "1-0"]
[WhiteElo "2483"]
[BlackElo "2665"]
[TimeControl "180+1"]
[EndTime "11:19:41 PST"]
[Termination "sasko1234 won by resignation"]

1. Nf3 d5 2. d4 Nf6 3. Bf4 c5 4. c3 Qb6 5. Qb3 Nc6 6. e3 c4 7. Qc2 Bf5 8. Qc1 e6 9. h3 h6 10. Be2 Qd8 11. O-O b5 12. Nbd2 Be7 13. Ne5 Nxe5 14. Bxe5 O-O 15. Bd1 b4 16. Bc2 bxc3 17.
bxc3 Qa5 18. Bxf5 exf5 19. Qc2 Ne4 20. Nxe4 fxe4 21. Rfb1 Rfd8 22. a4 a6 23. Rb7 Bd6 24. Rab1 Bxe5 25. dxe5 Re8 26. Qe2 Qxc3 27. Qh5 Qxe5 28.
Qxf7+ Kh8 29. R1b6 Rab8 30. Rxh6+ 1-0

[Event "*** Titled Tuesday Blitz"]
[Site "Chess.com"]
[Date "2020.11.24"]
[Round "6"]
[White "lucachess49"]
[Black "FearNoEvil12"]
[Result "1-0"]
[WhiteElo "2338"]
[BlackElo "2147"]
[TimeControl "180+1"]
[EndTime "11:19:41 PST"]
[Termination "lucachess49 won by resignation"]

1. d4 b5 2. e4 a6 3. Bd3 Bb7 4. Nd2 e6 5. Ngf3 Nf6 6. O-O d6 7. a4 b4 8. c3 bxc3 9. bxc3 Nbd7 10. Re1 Rg8 11. Nc4 g5 12. Na5 Rb8 13. Nxb7 Rxb7 14. Bxa6 Ra7 15. Bb5 g4 16. Nd2 h5 17. Nc4 Nh7 18.
a5 Ng5 19. Bxg5 Qxg5 20. Qa4 c6 21. Bxc6 g3 22. hxg3 h4 23. Bxd7+ Rxd7 24. Nb6 Ke7 25. Qxd7+ Kf6 26. e5+ Kg6 27. Re3 Bh6 28. gxh4 Qxh4 29. Rg3+ Kh7 30. Qxf7+ Rg7 31. Rxg7+ Bxg7 32. Nd7 1-0

[Event "*** Titled Tuesday Blitz"]
[Site "Chess.com"]
[Date "2020.11.24"]
[Round "6"]
[White "IrishMonkey"]
[Black "Aradej"]
[Result "1-0"]
[WhiteElo "2569"]
[BlackElo "2431"]
[TimeControl "180+1"]
[EndTime "11:19:49 PST"]
[Termination "IrishMonkey won by resignation"]

1. c4 e5 2. g3 Nc6 3. Bg2 Bc5 4. Nc3 a6 5. Nf3 d6 6. e3 Nge7 7. d4 Ba7 8. d5 Nb8 9. Bd2 O-O 10. Qc2 Bf5 11.
e4 Bg6 12. Nh4 f5 13. Nxg6 hxg6 14. O-O Nd7 15. Kh1 f4 16. Bh3 Kh7 17. a4 a5 18. Nb5 Bb6 19. Be6 Nc5 20. Bg4 Ng8 21. gxf4 exf4 22. Rg1 Qh4 23. Bc3 Rae8 24. Bf3 Nd7 25.
e5 Rf5 26. exd6 Bxf2 27. Rg4 Qh3 28. Qxf2 Nh6 29. Rh4 1-0

[Event "*** Titled Tuesday Blitz"]
[Site "Chess.com"]
[Date "2020.11.24"]
[Round "6"]
[White "HanSchut"]
[Black "JozefKneht"]
[Result "0-1"]
[WhiteElo "2202"]
[BlackElo "2364"]
[TimeControl "180+1"]
[EndTime "11:19:50 PST"]
[Termination "JozefKneht won by resignation"]

1. e4 c5 2. Nf3 d6 3. d4 cxd4 4. Nxd4 Nf6 5. f3 e5 6. Bb5+ Bd7 7. Bxd7+ Qxd7 8. Nf5 d5 9. Bg5 dxe4 10. Bxf6 Qxd1+ 11.
Kxd1 gxf6 12. fxe4 Nd7 13. c3 O-O-O 14. Kc2 Nc5 15. Nd2 h5 16. Rad1 Bh6 17. Rhe1 h4 18.
Re2 Bf4 19. g3 hxg3 20. hxg3 Bxd2 21. Rdxd2 Rxd2+ 22. Kxd2 Kc7 23. Ne7 Kd7 24. Nd5 Ke6 25. b4 Nxe4+ 26. Rxe4 Kxd5 27. Rg4 f5 28. Rg7 Ke4 29.
Rxf7 Rh2+ 30. Kc1 Rg2 31. Rg7 b5 32. a4 bxa4 33. c4 Kd3 34. c5 Kc3 35. Kb1 Kb3 0-1

[Event "*** Titled Tuesday Blitz"]
[Site "Chess.com"]
[Date "2020.11.24"]
[Round "6"]
[White "GMJustin"]
[Black "Sanyura"]
[Result "0-1"]
[WhiteElo "2284"]
[BlackElo "2532"]
[TimeControl "180+1"]
[EndTime "11:19:52 PST"]
[Termination "Sanyura won on time"]

1. e4 c5 2. Nf3 e6 3. c4 Nc6 4. Nc3 Qb6 5. Be2 Nd4 6. Nxd4 cxd4 7. Nb1 d5 8. cxd5 exd5 9. e5 Bf5 10. d3 Ne7 11.
O-O Ng6 12. f4 O-O-O 13. Nd2 f6 14. g4 Bd7 15. e6 Qxe6 16. f5 Qe3+ 17. Kh1 Nf4 18. Bf3 Nxd3 19. Qc2+ Kb8 20. Ne4 Ne1 21. Bxe3 Nxc2 22. Bf4+ Ka8 0-1

[Event "*** Titled Tuesday Blitz"]
[Site "Chess.com"]
[Date "2020.11.24"]
[Round "6"]
[White "GameOverBro"]
[Black "anemih"]
[Result "1-0"]
[WhiteElo "2509"]
[BlackElo "2341"]
[TimeControl "180+1"]
[EndTime "11:19:57 PST"]
[Termination "GameOverBro won by resignation"]

1. e4 e5 2. Nf3 Nc6 3. Bb5 g6 4. h4 Bg7 5. h5 d6 6. d3 Be6 7.
Nc3 Qd7 8. Nd5 h6 9. hxg6 fxg6 10. Nh4 Bf7 11. c3 a6 12. Qa4 Nf6 13. Nb4 axb5 14. Qxa8+ Ke7 15. Qxb7 Nxb4 16. cxb4 d5 17. Be3 d4 18.
Bd2 Ne8 19. Rc1 Kf8 20. b3 Kg8 21. Rc5 Kh7 22. Qxb5 Qg4 23. Rxe5 Bf6 24. Nf3 Qxg2 25. Rxh6+ Kg7 26. Rxh8 Qxf3 27. Rexe8 Bxe8 28. Qxe8 1-0

[Event "*** Titled Tuesday Blitz"]
[Site "Chess.com"]
[Date "2020.11.24"]
[Round "6"]
[White "rududuyk"]
[Black "Loy_Konstantin"]
[Result "1-0"]
[WhiteElo "2192"]
[BlackElo "2378"]
[TimeControl "180+1"]
[EndTime "11:19:57 PST"]
[Termination "rududuyk won by resignation"]

1. e4 c5 2. Nc3 d6 3. f4 g6 4. Nf3 Bg7 5. Bc4 Nc6 6. d3 e6 7. O-O Nge7 8. Qe1 O-O 9. f5 exf5 10. Qh4 Na5 11. Bg5 Re8 12. Nd5 Nac6 13. Nf6+ Bxf6 14. Bxf6 h5 15. Qg5 Kh7 16. Bxf7 Rf8 17. Bxg6+ Nxg6 18. Bxd8 Nxd8 19. Qxh5+ Kg7 20. exf5 Rxf5 21. Ng5 Nf8 22.
g4 Rxf1+ 23. Rxf1 Be6 24. Rf6 1-0

[Event "*** Titled Tuesday Blitz"]
[Site "Chess.com"]
[Date "2020.11.24"]
[Round "6"]
[White "CheckThis4"]
[Black "ljuks68"]
[Result "1-0"]
[WhiteElo "2558"]
[BlackElo "2400"]
[TimeControl "180+1"]
[EndTime "11:20:06 PST"]
[Termination "CheckThis4 won by resignation"]

1. d4 d5 2. c4 c6 3. Nc3 Nf6 4. Nf3 dxc4 5. e4 b5 6. Be2 b4 7. Na4 Nxe4 8. Bxc4 Bg4 9. Bxf7+ Kxf7 10. Ne5+ Kg8 11.
Qxg4 Qd5 12. O-O Nf6 13. Qc8 c5 14. Nxc5 Nbd7 15. Qc7 Nb6 16. Be3 Ne8 17. Qb7 Qxb7 18. Nxb7 Rb8 19. Nc5 Nd5 20. Rac1 Nd6 21. Ne6 g6 22.
Nd7 Ra8 23. Ndxf8 Rxf8 24. Nxf8 Kxf8 25. Rc5 e6 26. Rc6 Ke7 27. Ra6 1-0

[Event "*** Titled Tuesday Blitz"]
[Site "Chess.com"]
[Date "2020.11.24"]
[Round "6"]
[White "K_A_S_T_O_R"]
[Black "Grandelicious"]
[Result "1/2-1/2"]
[WhiteElo "2815"]
[BlackElo "2842"]
[TimeControl "180+1"]
[EndTime "11:20:08 PST"]
[Termination "Game drawn by agreement"]

1. e4 c6 2. c4 d5 3. cxd5 cxd5 4. exd5 Nf6 5. Nc3 g6 6. Bc4 Bg7 7. Nf3 O-O 8. O-O Nbd7 9. d3 Nb6 10. Qb3 a6 11. a4 Nxc4 12. dxc4 e6 13. Bg5 h6 14.
Bxf6 Qxf6 15. Rad1 exd5 16. Rxd5 Be6 17. Rd2 Rfd8 18.
Nd5 Bxd5 19. cxd5 Rd7 20. Rfd1 Rad8 21. g3 Rd6 22. Qe3 Qf5 23. Nh4 Qh5 24. Qf3 Qxf3 25.
Nxf3 Rb6 26. Kg2 Rxb2 1/2-1/2

[Event "*** Titled Tuesday Blitz"]
[Site "Chess.com"]
[Date "2020.11.24"]
[Round "6"]
[White "tigra"]
[Black "FontVella8"]
[Result "1-0"]
[WhiteElo "2802"]
[BlackElo "2549"]
[TimeControl "180+1"]
[EndTime "11:20:09 PST"]
[Termination "tigra won by checkmate"]

1. e4 c6 2. d4 d5 3. exd5 cxd5 4.
Bd3 Nc6 5. c3 Nf6 6. Bf4 e6 7. Nd2 Bd6 8. Bxd6 Qxd6 9. Ngf3 O-O 10. O-O e5 11. dxe5 Nxe5 12. Nxe5 Qxe5 13. Nf3 Qd6 14.
Nd4 Bd7 15. f3 Rfe8 16. Qd2 a6 17. Rfe1 b5 18. Rxe8+ Rxe8 19. Re1 Rc8 20. Bf5 Bxf5 21. Nxf5 Qc5+ 22. Kh1 Re8 23. Rxe8+ Nxe8 24. Qxd5 Qf2 25. h3 g6 26. Nh6+ Kg7 27. Qxf7+ Kxh6 28. Qxe8 Qxb2 29.
Qf8+ Kh5 30. Qf4 Qxa2 31. g4+ Kh4 32. g5+ Kxh3 33. Qg4# 1-0

[Event "*** Titled Tuesday Blitz"]
[Site "Chess.com"]
[Date "2020.11.24"]
[Round "6"]
[White "Korchmar_Vasiliy"]
[Black "Vi_Los"]
[Result "1-0"]
[WhiteElo "2593"]
[BlackElo "2352"]
[TimeControl "180+1"]
[EndTime "11:20:11 PST"]
[Termination "Korchmar_Vasiliy won by resignation"]

1. e4 e5 2. Nf3 Nc6 3. Nc3 Nf6 4. h3 Bc5 5. Nxe5 Nxe5 6. d4 Bb4 7. dxe5 Nxe4 8. Qg4 d5 9. Qxg7 Rf8 10. Bh6 Nxc3 11. bxc3 Bxc3+ 12. Kd1 Bb4 13. Rb1 Be7 14. Bd3 Be6 15.
f4 Qd7 16. Rxb7 a6 17. g4 d4 18. Re1 Bd5 19. Rb3 Bxb3 20. axb3 O-O-O 21. Bf5 1-0

[Event "*** Titled Tuesday Blitz"]
[Site "Chess.com"]
[Date "2020.11.24"]
[Round "6"]
[White "Fortitudine"]
[Black "IriBu"]
[Result "0-1"]
[WhiteElo "2357"]
[BlackElo "2510"]
[TimeControl "180+1"]
[EndTime "11:20:14 PST"]
[Termination "IriBu won by resignation"]

1. c4 Nf6 2. g3 g6 3. Bg2 Bg7 4. Nc3 O-O 5. e4 d6 6. d3 c5 7.
Nge2 Nc6 8. O-O Nd4 9. Nxd4 cxd4 10. Ne2 Ne8 11. Bd2 a5 12. b3 Nc7 13. a3 Bg4 14. f3 Be6 15. b4 axb4 16. axb4 Qd7 17. Qc2 b5 18. Rxa8 Rxa8 19. cxb5 Nxb5 20. Nf4 Nc3 21.
Nxe6 Qxe6 22. Kh1 Ra2 23. Qc1 Qb3 24. Bg5 Bf8 25. e5 dxe5 26. f4 e4 27. dxe4 Rc2 28. Qe1 Qb2 29. Bh3 Rxh2+ 30. Kg1 Rxh3 0-1

[Event "*** Titled Tuesday Blitz"]
[Site "Chess.com"]
[Date "2020.11.24"]
[Round "6"]
[White "penguingm1"]
[Black "Chessdreamer2020"]
[Result "1-0"]
[WhiteElo "2962"]
[BlackElo "2518"]
[TimeControl "180+1"]
[EndTime "11:20:21 PST"]
[Termination "penguingm1 won by resignation"]

1. a4 c5 2. Ra3 Nc6 3. Rg3 g6 4.
h4 Nf6 5. Nc3 d5 6. d3 d4 7. Ne4 Nxe4 8. dxe4 h5 9. e3 Qa5+ 10. Bd2 Qxa4 11. b3 Qa2 12. Bc4 Bg7 13. Nf3 Bg4 14. O-O O-O 15. Qc1 Rad8 16. Ng5 dxe3 17. Bxe3 Nd4 18. f3 Bc8 19. Nxf7 Rxf7 20. Rxg6 e6 21. Bxd4 cxd4 22. Qg5 Re8 23. Bd3 e5 24. Bc4 1-0

[Event "*** Titled Tuesday Blitz"]
[Site "Chess.com"]
[Date "2020.11.24"]
[Round "6"]
[White "Geller_Jakov"]
[Black "Trickov"]
[Result "1-0"]
[WhiteElo "2602"]
[BlackElo "2353"]
[TimeControl "180+1"]
[EndTime "11:20:21 PST"]
[Termination "Geller_Jakov won on time"]

1. e4 c5 2. Nf3 d6 3. d4 Nf6 4.
Nc3 cxd4 5. Nxd4 a6 6. Be3 e5 7. Nb3 Be6 8. f3 Nbd7 9. g4 b5 10. g5 Nh5 11. a4 b4 12. Nd5 Bxd5 13. Qxd5 Be7 14. Rg1 O-O 15. h4 Nb6 16. Qc6 Nd7 17. Bxa6 Nf4 18. Bb5 Nc5 19. Nxc5 dxc5 20. Rd1 Qa5 21.
Rd7 Rfe8 22. Bxf4 exf4 23. Qd5 Rad8 24. Rg4 1-0

[Event "*** Titled Tuesday Blitz"]
[Site "Chess.com"]
[Date "2020.11.24"]
[Round "6"]
[White "Aleksey_Sorokin"]
[Black "MPGM"]
[Result "1-0"]
[WhiteElo "2813"]
[BlackElo "2617"]
[TimeControl "180+1"]
[EndTime "11:20:22 PST"]
[Termination "Aleksey_Sorokin won by resignation"]

1. d4 d5 2. c4 e6 3. Nf3 a6 4.
cxd5 exd5 5. Nc3 h6 6. g3 Nf6 7. Bg2 Bd6 8. O-O O-O 9. Qb3 c6 10. Bf4 Qc7 11. Bxd6 Qxd6 12. Ne5 Re8 13. e4 Nbd7 14.
f4 Nf8 15. exd5 cxd5 16. Nxd5 Be6 17. Qb6 Rad8 18. Qxd6 Rxd6 19. Nc7 Rc8 20. Rac1 Rxd4 21. b3 Rb8 22. Rfd1 Rxd1+ 23. Rxd1 a5 24. Rd6 b5 25. Nc6 Rc8 26. Ne7+ 1-0

[Event "*** Titled Tuesday Blitz"]
[Site "Chess.com"]
[Date "2020.11.24"]
[Round "6"]
[White "CookiesAndIceCream"]
[Black "cukin84"]
[Result "1-0"]
[WhiteElo "2422"]
[BlackElo "2144"]
[TimeControl "180+1"]
[EndTime "11:20:22 PST"]
[Termination "CookiesAndIceCream won by resignation"]

1. e4 c6 2. d4 d5 3. e5 c5 4. c4 dxc4 5. Nf3 cxd4 6. Nxd4 Nc6 7. Nxc6 Qxd1+ 8. Kxd1 bxc6 9. Bxc4 e6 10. Nc3 Bb4 11. Bd2 Ne7 12. Ne4 Bxd2 13. Nd6+ Kd7 14. Kxd2 f6 15. Rhe1 fxe5 16. Nf7 Rf8 17. Nxe5+ Kc7 18.
f3 Nd5 19. Rac1 Kd6 20. Bxd5 cxd5 21. Rc6+ Ke7 22. Rc7+ Kf6 23. h4 h5 24. g4 g6 25.
g5+ Kf5 26. Nd3 1-0

[Event "*** Titled Tuesday Blitz"]
[Site "Chess.com"]
[Date "2020.11.24"]
[Round "6"]
[White "Rud_Makarian"]
[Black "Artyom_ChessMate"]
[Result "1-0"]
[WhiteElo "2736"]
[BlackElo "2506"]
[TimeControl "180+1"]
[EndTime "11:20:23 PST"]
[Termination "Rud_Makarian won by resignation"]

1. d4 d5 2. c4 e6 3. Nf3 Nf6 4. Nc3 Be7 5. Bf4 O-O 6. e3 Nbd7 7.
a3 c5 8. cxd5 Nxd5 9. Nxd5 exd5 10. dxc5 Nxc5 11. Be5 Bf6 12. Bxf6 Qxf6 13. Qd4 Qxd4 14.
Nxd4 Ne6 15. Kd2 Nxd4 16. exd4 Be6 17. Bd3 Rfc8 18. Rac1 g6 19. Rc5 b6 20. Rcc1 h5 21. h4 a5 22. Ke3 Kg7 23. Kf4 Kf6 24. f3 Rxc1 25. Rxc1 Rc8 26. Rxc8 Bxc8 27. g4 Bd7 28. Ba6 Bc6 29. Bc8 hxg4 30. fxg4 b5 31. b4 axb4 32. axb4 Ke7 33. Kg5 Be8 34. Kh6 f6 35. Kg7 g5 36.
h5 f5 1-0

[Event "*** Titled Tuesday Blitz"]
[Site "Chess.com"]
[Date "2020.11.24"]
[Round "6"]
[White "SameerMujumdar"]
[Black "Das_Virus_2020"]
[Result "0-1"]
[WhiteElo "2307"]
[BlackElo "2504"]
[TimeControl "180+1"]
[EndTime "11:20:24 PST"]
[Termination "Das_Virus_2020 won by resignation"]

1. d4 Nf6 2. c4 c5 3. Nf3 cxd4 4. Nxd4 b6 5. Nc3 Bb7 6. f3 d6 7. e4 Nbd7 8. Be3 a6 9. Qd2 e6 10. Be2 Rc8 11. O-O h6 12. a4 Ne5 13. b3 g5 14.
a5 bxa5 15. Na4 g4 16. Nc2 Rg8 17. Kh1 gxf3 18. gxf3 Nxe4 19. Qd4 Qh4 20. Rg1 Nf2+ 21. Bxf2 Nxf3 0-1

[Event "*** Titled Tuesday Blitz"]
[Site "Chess.com"]
[Date "2020.11.24"]
[Round "6"]
[White "Chessdude1987"]
[Black "Durarbayli"]
[Result "0-1"]
[WhiteElo "2356"]
[BlackElo "2728"]
[TimeControl "180+1"]
[EndTime "11:20:27 PST"]
[Termination "Durarbayli won by resignation"]

1. e4 c5 2. Nc3 d6 3. g3 Nc6 4.
Bg2 g6 5. d3 Bg7 6. Be3 Nf6 7.
h3 Nd7 8. Qd2 Rb8 9. Nge2 b5 10.
O-O b4 11. Nd1 Ba6 12. c3 bxc3 13. bxc3 Nce5 14. Nc1 c4 15. d4 Nd3 16. Nxd3 cxd3 17. Nb2 O-O 18. Nxd3 Qa5 19. Rfd1 Nb6 20. Nb2 Rfc8 21.
Rdc1 Qa3 22. Qc2 Nd5 23. Qa4 Qxa4 24. Nxa4 Nxe3 25. fxe3 Rc4 26. Rcb1 Rxb1+ 27. Rxb1 Rxa4 28. Rb8+ Bf8 29. e5 dxe5 30. dxe5 e6 31. Rb2 Bc4 32.
Bc6 Rxa2 33. Rb4 Bxb4 0-1

[Event "*** Titled Tuesday Blitz"]
[Site "Chess.com"]
[Date "2020.11.24"]
[Round "6"]
[White "Smile2005"]
[Black "TheKingDoctor"]
[Result "1-0"]
[WhiteElo "2350"]
[BlackElo "2114"]
[TimeControl "180+1"]
[EndTime "11:20:28 PST"]
[Termination "Smile2005 won on time"]

1. Nf3 Nf6 2. g3 g6 3. Bg2 Bg7 4. O-O O-O 5. d3 d5 6. Nc3 c6 7. e4 dxe4 8. Nxe4 Nxe4 9. dxe4 Qxd1 10. Rxd1 e5 11. c3 h6 12. Be3 Be6 13. Bf1 Nd7 14. Nd2 Rfd8 15. Bc4 Nf8 16. Bxe6 Nxe6 17. Nc4 Kh7 18.
f3 b6 19. a4 Rxd1+ 20. Rxd1 Rd8 21. Rxd8 Nxd8 22. Nxb6 axb6 23. Bxb6 Nb7 24. a5 Nxa5 25. Bxa5 Kg8 26. Kf2 Kf8 27. Ke3 Ke7 28. Kd3 Kd6 29.
Kc4 Bf6 30. h3 h5 31. b4 Bg5 32. Bb6 Bd2 33. g4 hxg4 34. hxg4 Be1 35. Be3 1-0

[Event "*** Titled Tuesday Blitz"]
[Site "Chess.com"]
[Date "2020.11.24"]
[Round "6"]
[White "03revilo"]
[Black "CoachHakia"]
[Result "0-1"]
[WhiteElo "2333"]
[BlackElo "2173"]
[TimeControl "180+1"]
[EndTime "11:20:28 PST"]
[Termination "CoachHakia won by resignation"]

1. e4 d5 2. exd5 Qxd5 3. Nc3 Qa5 4. d4 Nf6 5. Bd2 Bf5 6. Bc4 c6 7. Nd5 Qd8 8. Nxf6+ gxf6 9. c3 e6 10. Qb3 Qb6 11.
Nf3 Nd7 12. O-O Bd6 13. Rfe1 O-O-O 14. Qxb6 Nxb6 15. Bb3 Rhg8 16. Kh1 h5 17. a4 Bg4 18. a5 Bxf3 19. gxf3 Nd5 20. a6 b6 21. c4 Nf4 22.
c5 bxc5 23. dxc5 Bc7 24. Be3 Nh3 25. Ba4 Rd3 26. Re2 Bf4 27. Rf1 Kc7 28. Bd4 Rxd4 0-1

[Event "*** Titled Tuesday Blitz"]
[Site "Chess.com"]
[Date "2020.11.24"]
[Round "6"]
[White "mbachez"]
[Black "RestartingChess"]
[Result "1-0"]
[WhiteElo "2432"]
[BlackElo "2545"]
[TimeControl "180+1"]
[EndTime "11:20:29 PST"]
[Termination "mbachez won by checkmate"]

1. e4 Nf6 2. e5 Nd5 3. Nc3 Nb6 4. d4 d6 5. exd6 exd6 6. a4 a5 7. Nf3 Be7 8. Bd3 O-O 9. h3 Bf6 10. O-O Nc6 11. Re1 h6 12. Qe2 Nb4 13. Ne4 Nxd3 14. Qxd3 Bf5 15. g4 Bg6 16. Bf4 d5 17. Nxf6+ Qxf6 18. Qd2 Nc4 19. Qc1 Bxc2 20. Ne5 Nd6 21. Nd7 Qxd4 22. Nxf8 Nc4 23. Qxc2 Qxf4 24. Qh7+ Kxf8 25. Qh8# 1-0

[Event "*** Titled Tuesday Blitz"]
[Site "Chess.com"]
[Date "2020.11.24"]
[Round "6"]
[White "kai_nov"]
[Black "KononenkoD"]
[Result "0-1"]
[WhiteElo "2328"]
[BlackElo "2482"]
[TimeControl "180+1"]
[EndTime "11:20:33 PST"]
[Termination "KononenkoD won by resignation"]

1. d4 Nf6 2. c4 c5 3. d5 b5 4. cxb5 a6 5. Nc3 g6 6. e4 d6 7. Nf3 Bg7 8. a4 O-O 9. Bd2 e6 10. dxe6 fxe6 11. e5 Nd5 12. Ne4 dxe5 13. Bc4 axb5 14.
axb5 Rxa1 15. Qxa1 Nd7 16. b3 Qe7 17. Bg5 N7f6 18.
O-O Qc7 19. Nxf6+ Nxf6 20. Re1 e4 21. Nd2 Ng4 22. Nxe4 Qxh2+ 23. Kf1 Bxa1 0-1

[Event "*** Titled Tuesday Blitz"]
[Site "Chess.com"]
[Date "2020.11.24"]
[Round "6"]
[White "No_t_ime_to_die"]
[Black "gumimis"]
[Result "1-0"]
[WhiteElo "2425"]
[BlackElo "2289"]
[TimeControl "180+1"]
[EndTime "11:20:34 PST"]
[Termination "No_t_ime_to_die won by checkmate"]

1. e4 c6 2. d4 d5 3. f3 Nf6 4. e5 Nfd7 5. f4 c5 6. Nf3 Nc6 7. c3 cxd4 8. cxd4 Nb6 9. Nc3 Bg4 10. Bb5 Rc8 11. h3 Bxf3 12. Qxf3 e6 13. O-O Be7 14. f5 O-O 15. Bxc6 Rxc6 16. f6 gxf6 17. exf6 Bxf6 18. Qxf6 Qxf6 19. Rxf6 Nc4 20. Rf3 Rfc8 21.
Rg3+ Kf8 22. Bh6+ Ke7 23. Re1 Nxb2 24. Nxd5+ Kd6 25. Nf6 Rc2 26. Bf4+ Ke7 27. Bg5 Nc4 28. Rb3 b6 29. d5 Kd6 30. dxe6 fxe6 31. Rd3+ Kc7 32.
Rxe6 Kb7 33. Re7+ Ka6 34. Rdd7 Ra8 35. a4 Na5 36. Nd5 Rg8 37. Nb4# 1-0

[Event "*** Titled Tuesday Blitz"]
[Site "Chess.com"]
[Date "2020.11.24"]
[Round "6"]
[White "Khnykin_Nikolay"]
[Black "orestn"]
[Result "0-1"]
[WhiteElo "2073"]
[BlackElo "2293"]
[TimeControl "180+1"]
[EndTime "11:20:35 PST"]
[Termination "orestn won by checkmate"]

1. e4 e5 2. Nf3 Nc6 3. Bc4 Bc5 4. O-O Nf6 5. b4 Bxb4 6. c3 Be7 7. d4 d6 8. Bg5 O-O 9. Re1 h6 10. Bxf6 Bxf6 11.
dxe5 Nxe5 12. Nxe5 Bxe5 13. Na3 Bxc3 14. Qf3 Bxa1 15.
Rxa1 Be6 16. Bxe6 fxe6 17. Qb3 Qf6 18. Rf1 b6 19. f4 Qd4+ 20. Kh1 Qxe4 21. h3 c5 22. Nb5 d5 23. Nd6 Qg6 24. f5 exf5 25. Qxd5+ Kh7 26. Rxf5 Rxf5 27. Nxf5 Re8 28. Nh4 Qe4 29.
Qh5 Re5 30. Qf7 Qxh4 31. Qc7 Qe4 32. Kh2 Qf4+ 33. g3 Re2+ 34. Kg1 Qf2+ 35. Kh1 Qg2# 0-1

[Event "*** Titled Tuesday Blitz"]
[Site "Chess.com"]
[Date "2020.11.24"]
[Round "6"]
[White "Isajevsky_Anton"]
[Black "Omk124"]
[Result "1-0"]
[WhiteElo "2578"]
[BlackElo "2349"]
[TimeControl "180+1"]
[EndTime "11:20:42 PST"]
[Termination "Isajevsky_Anton won by resignation"]

1. c4 Nf6 2. Nc3 g6 3. g3 Bg7 4. Bg2 O-O 5. e3 d6 6. Nge2 e5 7. O-O c6 8. d4 Nbd7 9. b3 Re8 10. Qc2 Nf8 11. Ba3 Bf5 12. e4 exd4 13. exf5 dxc3 14.
Nxc3 Qa5 15. Bxd6 Qxf5 16. Qxf5 gxf5 17. Rad1 Ne6 18. Rfe1 Rad8 19. c5 Nd7 20. Na4 Nd4 21.
Rxe8+ Rxe8 22. Kf1 Nb5 23. Bf4 Bd4 24. Bh3 Nxc5 25. Rxd4 Nxd4 26. Nxc5 b6 27. Nd7 Rd8 28. Nf6+ Kg7 29. Bg5 Ra8 30. Nd7 Kg6 31. Be3 Ne6 32.
Ne5+ Kf6 33. Nxc6 Rc8 34. Nd4 Rc2 35. Nxc2 1-0

[Event "*** Titled Tuesday Blitz"]
[Site "Chess.com"]
[Date "2020.11.24"]
[Round "6"]
[White "wisdomboy"]
[Black "Chessbard1972"]
[Result "1-0"]
[WhiteElo "2167"]
[BlackElo "2317"]
[TimeControl "180+1"]
[EndTime "11:20:42 PST"]
[Termination "wisdomboy won by resignation"]

1. d4 Nf6 2. c4 g6 3. f3 Bg7 4. e4 d6 5. Nc3 O-O 6. Be3 c5 7. dxc5 dxc5 8. Qxd8 Rxd8 9. Bxc5 Nc6 10. Be3 Be6 11. Rc1 Ne5 12. Nd5 Bxd5 13. cxd5 e6 14.
dxe6 fxe6 15. Nh3 Nd3+ 16. Bxd3 Rxd3 17. Ke2 Rd7 18. Rhd1 Re7 19. Nf4 g5 20. Nd3 h6 21.
b3 Nh5 22. Nc5 b6 23. Na6 Nf4+ 24. Bxf4 gxf4 25. Rd6 Be5 26. Rdc6 Rg7 27. Kf1 Rd8 28. Rc8 Rxc8 29. Rxc8+ Kh7 30. Re8 Rg6 31. Re7+ Rg7 32. Rxe6 Bd4 33. Rc6 Be3 34. Rc7 b5 35. Rxg7+ Kxg7 36. Nc7 b4 37. Nd5 Bd2 38. Ke2 Bc3 39. Nxc3 bxc3 40.
Kd3 Kf6 41. Kxc3 Ke5 42. Kd3 h5 43. g3 a6 44. b4 fxg3 45. hxg3 Kd6 46. f4 Ke6 47. a4 Kd6 48. b5 axb5 49. axb5 Kc5 50. f5 Kxb5 51. f6 Kc5 52. f7 Kd6 53. f8=Q+ Ke5 54.
Qh6 h4 55. Qg5+ Ke6 56. gxh4 Kd6 57. Kd4 Ke6 58. Qf5+ Kd6 59. Qf6+ 1-0

[Event "*** Titled Tuesday Blitz"]
[Site "Chess.com"]
[Date "2020.11.24"]
[Round "6"]
[White "AbdAlAgathos"]
[Black "Road2GM3000"]
[Result "1-0"]
[WhiteElo "2367"]
[BlackElo "2027"]
[TimeControl "180+1"]
[EndTime "11:20:43 PST"]
[Termination "AbdAlAgathos won by resignation"]

1. e4 c5 2. Nf3 d6 3. c3 Nf6 4. Be2 g6 5. O-O Bg7 6. Bb5+ Nc6 7. Re1 O-O 8. h3 Bd7 9. Bf1 e5 10. d4 exd4 11. cxd4 Re8 12. d5 Ne7 13. Nc3 Rb8 14. Bf4 Nc8 15. e5 Nh5 16. Bh2 dxe5 17. Nxe5 Ra8 18. Qf3 Nf6 19. d6 Nxd6 20. Rad1 Re6 21. Nxd7 Qxd7 22. Rxe6 Qxe6 23. Rxd6 Qe1 24. Rxf6 Bxf6 25.
Qxf6 Re8 26. Bf4 1-0